 Dungeon Crawl Stone Soup version 0.31.0-12-g77e489cdc1 (webtiles) character file.

Game seed: 7214567580380397448

11849 ezpacito the Cleaver (level 11, -1/126 HPs)
             Began as a Demonspawn Berserker on Feb 12, 2024.
             Was a High Priest of Trog.
             Slain by Pooter's ghost (14 damage)
             ... on level 10 of the Dungeon.
             The game lasted 00:22:43 (10476 turns).

ezpacito the Cleaver (Demonspawn Berserker)        Turns: 10476, Time: 00:22:44

Health: -1/126     AC: 15    Str: 21    XL:     11   Next: 54%
Magic:  9/11       EV: 16    Int:  8    God:    Trog [*****.]
Gold:   507        SH:  0    Dex: 21    Spells: 10/10 levels left

rFire   . . .        J - +8 trident of the Octopus King {venom, rElec rPois}
rCold   + . .        (no shield)
rNeg    . . .        N - +1 steam dragon scales
rPois   +            n - +2 helmet
rElec   +            I - +0 cloak
rCorr   .            t - +1 pair of gloves of Incorporation {Rampage}
SInv    .            d - +0 pair of boots
Will    ++...        a - amulet of regeneration Stlth
                     b - +6 ring of dexterity
HPRegen 2.21/turn    h - ring of protection from cold
MPRegen 0.12/turn

%: rampage
@: berserking (expiring), strong-willed, regenerating, very quick
A: thin skeletal structure 2, demonic guardian 3, weakness stinger 2, clumsy 1,
MP-powered wands
a: Renounce Religion, Berserk, Trog's Hand, Brothers in Arms


You were on level 10 of the Dungeon.
You worshipped Trog.
Trog was extremely pleased with you.
You visited 1 branch of the dungeon, and saw 10 of its levels.
You also visited: Sewer and Bailey.

You collected 645 gold pieces.
You spent 138 gold pieces at shops.

Inventory:

Hand Weapons
 l - the +9 sword of Zonguldrok {reap}
   (You took it off a spriggan in a bailey)
 r - a +1 halberd of flaming
 H - a +6 war axe of freezing
 J - the +8 trident of the Octopus King (weapon) {venom, rElec rPois}
   (You found it on level 6 of the Dungeon)

   rElec:     It insulates you from electricity.
   rPois:     It protects you from poison
 L - a +3 dagger of distortion
Missiles
 e - 97 stones (quivered)
 f - 21 boomerangs
 k - 16 poisoned darts
 E - 3 throwing nets
Armour
 d - a +0 pair of boots (worn)
 n - a +2 helmet (worn)
 t - the +1 pair of gloves of Incorporation (worn) {Rampage}
   (You found it on level 10 of the Dungeon)

   Rampage:   It bestows one free step when moving towards enemies.
 I - a +0 cloak (worn)
 N - +1 steam dragon scales (worn)
Jewellery
 a - an amulet of regeneration (around neck)
 b - a +6 ring of dexterity (left hand)
 h - a ring of protection from cold (right hand)
 j - a ring of see invisible
 o - a +4 ring of protection
 y - a +6 ring of dexterity
 A - a ring of protection from cold
Talismans
 m - a flux talisman
Wands
 c - a wand of iceblast (1)
 s - a wand of polymorph (13)
 x - a wand of paralysis (7)
Scrolls
 p - 2 scrolls of fear
 q - 2 scrolls of fog
 v - 7 scrolls of teleportation
 w - a scroll of butterflies
 D - 3 scrolls of silence
Potions
 g - a potion of brilliance
 i - 3 potions of curing
 z - 2 potions of mutation
 G - a potion of invisibility {unknown}
 K - a potion of might {unknown}


   Skills:
 * Level 7.0 Fighting
 * Level 0.8 Long Blades
 + Level 8.0(9.0) Axes
 + Level 5.9(7.9) Polearms
 * Level 0.8 Throwing
 * Level 7.3 Armour
 + Level 5.8 Dodging
 + Level 2.3 Stealth
 + Level 4.8 Unarmed Combat
 * Level 5.1 Evocations
 * Level 4.2 Shapeshifting


You had 10 spell levels left.
You didn't know any spells.
Your spell library contained the following spells:

 Spells                   Type           Power      Damage    Failure   Level
 Apportation              Tloc           0%         N/A       41%         1
 Magic Dart               Conj           0%         1d3       41%         1
 Cigotuvi's Dreadful Rot  Necr/Alch/Air  0%         N/A       54%         2
 Jinxbite                 Hex            0%         N/A       54%         2
 Lesser Beckoning         Tloc           0%         N/A       54%         2
 Scorch                   Fire           0%         2d5       54%         2
 Searing Ray              Conj           0%         2d4       54%         2
 Gell's Gravitas          Tloc           0%         N/A       78%         3
 Hailstorm                Conj/Ice       0%         3d5       78%         3
 Summon Ice Beast         Ice/Summ       0%         N/A       78%         3
 Teleport Other           Tloc           0%         N/A       78%         3
 Flame Wave               Conj/Fire      0%         2d4       99%         4
 Fulminant Prism          Conj/Alch      0%         3d5       99%         4
 Ignite Poison            Fire/Alch      0%         N/A       99%         4
 Alistair's Intoxication  Alch           0%         N/A       100%        5
 Freezing Cloud           Conj/Ice/Air   0%         6-21      100%        5
 Sculpt Simulacrum        Ice/Alch       0%         N/A       100%        6
 Summon Cactus Giant      Summ           0%         N/A       100%        6


Dungeon Overview and Level Annotations

Branches:
Dungeon (10/15)            Temple (0/1) D:6             Orc (0/2) D:10
  Sewer (visited)          Bailey (visited)
   Lair: D:8-11

Altars:
Ashenzari
Trog
Jiyva

Shops:
D:1 [   D:10 (

Annotations:
D:4 3 runed translucent doors, Charlie33ad's ghost, amateur DECj; RancidPinata's ghost, weakling OpDe; bearlyready's ghost, amateur OpSh; knightboat's ghost, amateur DsMo
D:10 Pooter's ghost, journeyman MiBe


Innate Abilities, Weirdness & Mutations

You have a moderately thin skeletal structure. (Dex +4, Stealth++)
A powerful demonic guardian rushes to your aid.
You have a tail ending in a sharp stinger.
You are clumsy. (Dex -2)
You expend magic power (3 MP) to strengthen your wands.


Message History

Your smoke demon hits Pooter's ghost but does no damage. x2
Your smoke demon hits Pooter's ghost.
The slime creature barely misses you.
You hit Pooter's ghost but do no damage.
Pooter's ghost is heavily damaged.
The slime creature closely misses you.
Pooter's ghost hits you but does no damage.
You hit Pooter's ghost.
You tail-slap Pooter's ghost, but do no damage.
You punch Pooter's ghost, but do no damage.
Pooter's ghost is heavily damaged.
Your smoke demon hits Pooter's ghost but does no damage.
Your smoke demon barely misses Pooter's ghost.
Your smoke demon hits Pooter's ghost but does no damage.
The slime creature barely misses you.
You hit Pooter's ghost.
You tail-slap Pooter's ghost, but do no damage.
Pooter's ghost is heavily damaged.
The slime creature barely misses you. Pooter's ghost misses you.
Your smoke demon gestures at Pooter's ghost.
The ball of steam hits Pooter's ghost!!
Press: ? - help, v - describe, . - travel, g - get item
Items here: 2 scrolls of noise; 2 potions of degeneration.
The floor, spattered with blood.
Okay, then.
Reach: J) +8 trident of the Octopus King {venom, rElec rPois}
Press: ? - help, Dir - move target, f - slime creature
Aim: a slime creature (lightly wounded, poisoned, about 13% to evade the +8 trident of the Octopus King)
Okay, then.
What are your orders? t - Shout!
Anything else - Cancel.
Okay, then.
You catch the helpless Pooter's ghost completely off-guard!
You puncture Pooter's ghost!
Pooter's ghost is severely damaged.
The slime creature hits you!
* * * LOW HITPOINT WARNING * * *
A demonic guardian appears!
The slime creature misses you.
Pooter's ghost is engulfed in a cloud of scalding steam.
Pooter's ghost hits you!
You die...

..# #......########'####### ..#
#.....##$_(##.........# ..####
#..).##..?..##........#
..'..###....#.......#...†....#
..##...#....#......§#..).....#
######......#.....§.#........#
#####.......##...§.########†##
...........####JWJ## ##..#
≈≈≈≈≈≈≈≈≈8)##..3@..# #..##
≈≈≈≈≈≈≈≈8≈)...3....# #.##
######'.≈≈))####.### ####.#######
......#.≈≈))..##.# #...........
........≈≈)[..'..#####...........
.........)))..#......)...........
......#)≈≈....########...........
......#.≈≈)...# #......8....
######'.≈≈....# #...........


You could see 2 slime creatures, Pooter's ghost (ally target) and 2 friendly
smoke demons.

Vanquished Creatures
  3 two-headed ogres
  Psyche (D:8)
  A troll (D:10)
  Prince Ribbit (D:8)
  2 hornets
  A slime creature (D:10)
  A vampire (D:9)
  3 spriggans (Bailey)
  7 yaks
  3 wyverns
  2 steam dragons
  An acid dragon (Bailey)
  7 orc warriors
  An ice beast (D:5)
  4 sky beasts
  3 black bears
  10 ogres
  A centaur (D:6)
  2 kobold brigands
  2 bullfrogs
  A gnoll sergeant (D:4)
  5 scorpions
  5 wights (D:8)
  A killer bee (D:9)
  2 howler monkeys (D:9)
  9 crimson imps (D:8)
  7 jellies
  4 gnoll boudas
  8 orc priests
  2 hounds
  3 iguanas
  2 sleepcaps
  Ijyb (D:3)
  6 orc wizards
  A hell rat (Sewer)
  20 gnolls
  3 river rats (Sewer)
  14 adders
  2 shadow imps
  2 ribbon worms
  A dart slug (D:2)
  39 orcs
  13 ball pythons
  10 endoplasms
  6 giant cockroaches
  11 goblins
  9 hobgoblins
  4 jackals (D:5)
  6 quokkas
  6 bats
  5 frilled lizards
  14 kobolds
  9 rats
287 creatures vanquished.

Vanquished Creatures (collateral kills)
  A spriggan (Bailey)
  4 yaks (D:10)
  An acid dragon (D:10)
  2 orc warriors (D:10)
  An ogre (D:10)
  A centaur (D:9)
  3 killer bees (D:9)
  An orc priest (D:6)
  3 iguanas
  3 orc wizards
  A river rat (Sewer)
  6 orcs
  A goblin (D:10)
  A ball python (D:4)
29 creatures vanquished.

Grand Total: 316 creatures vanquished

Notes
Turn   | Place    | Note
-------+----------+-------------------------------------------
     0 | D:1      | ezpacito the Demonspawn Berserker began the quest for the
                  | Orb.
     0 | D:1      | Reached XP level 1. HP: 18/18 MP: 1/1
   257 | D:1      | Gained mutation: You have a somewhat thin skeletal
                  | structure. (Dex +2, Stealth+) [demonic ancestry]
   257 | D:1      | Reached XP level 2. HP: 24/24 MP: 2/2
   319 | D:1      | Found Ogirrek's Armour Shoppe.
   898 | D:2      | Reached skill level 3 in Axes
   951 | D:2      | Reached XP level 3. HP: 29/29 MP: 3/3
  1605 | D:2      | Reached ** piety under Trog
  2037 | D:3      | Gained mutation: You have a small tail. [demonic ancestry]
  2037 | D:3      | Reached XP level 4. HP: 16/35 MP: 4/4
  2201 | D:3      | Reached skill level 1 in Unarmed Combat
  2203 | D:3      | Gained mutation: A weak demonic guardian rushes to your
                  | aid. [demonic ancestry]
  2203 | D:3      | Reached XP level 5. HP: 42/42 MP: 5/5
  2383 | D:3      | Found a glowing drain.
  2387 | Sewer    | Entered a sewer
  2398 | Sewer    | Reached skill level 1 in Stealth
  2457 | Sewer    | Reached skill level 4 in Axes
  2721 | D:3      | Reached skill level 1 in Shapeshifting
  2827 | D:3      | Reached *** piety under Trog
  2833 | D:3      | Noticed Ijyb
  2834 | D:3      | Paralysed by Ijyb for 4 turns
  2842 | D:3      | Killed Ijyb
  2843 | D:3      | Gained mutation: A demonic guardian rushes to your aid.
                  | [demonic ancestry]
  2843 | D:3      | Reached XP level 6. HP: 48/48 MP: 6/6
  3306 | D:1      | Bought a +1 helmet for 138 gold pieces
  3783 | D:4      | Reached skill level 5 in Axes
  3783 | D:4      | Reached XP level 7. HP: 39/53 MP: 7/7
  3898 | D:4      | Found a runed translucent gate.
  3898 | D:4      | Found a runed translucent gate.
  3898 | D:4      | Found a runed translucent gate.
  3898 | D:4      | Noticed bearlyready's ghost (amateur OpSh)
  3898 | D:4      | Noticed knightboat's ghost (amateur DsMo)
  3898 | D:4      | Noticed RancidPinata's ghost (weakling OpDe)
  3898 | D:4      | Noticed Charlie33ad's ghost (amateur DECj)
  4252 | D:4      | Reached skill level 1 in Evocations
  4847 | D:5      | Entered Level 5 of the Dungeon
  5540 | D:5      | Gained mutation: You have a tail ending in a sharp stinger.
                  | [demonic ancestry]
  5540 | D:5      | Reached XP level 8. HP: 50/61 MP: 8/8
  6014 | D:6      | Reached **** piety under Trog
  6059 | D:6      | Found the +8 trident of the Octopus King {venom, rElec
                  | rPois}
  6094 | D:6      | Reached skill level 6 in Axes
  6393 | D:6      | Identified the +0 leather armour "Woesh" {Fly Str+4}
  6629 | D:6      | Found a staircase to the Ecumenical Temple.
  6842 | D:6      | Reached skill level 5 in Armour
  6852 | D:6      | Identified the staff of Redov {rPois Str+2 Necro Alchemy}
  7407 | D:7      | Gained mutation: A powerful demonic guardian rushes to your
                  | aid. [demonic ancestry]
  7407 | D:7      | Reached XP level 9. HP: 67/67 MP: 9/9
  7573 | D:7      | Reached skill level 7 in Axes
  7785 | D:7      | Reached skill level 5 in Fighting
  7901 | D:7      | Found a broken altar of Ashenzari.
  7901 | D:7      | Found a bloodstained altar of Trog.
  8101 | D:8      | Reached skill level 1 in Polearms
  8281 | D:8      | You fall into a shaft and drop 1 floor!
  8400 | D:8      | Noticed Prince Ribbit
  8406 | D:8      | Killed Prince Ribbit
  8465 | D:8      | Noticed Psyche
  8469 | D:8      | Killed Psyche
  8513 | D:8      | Reached ***** piety under Trog
  8637 | D:8      | Gained mutation: You have a moderately thin skeletal
                  | structure. (Dex +4, Stealth++) [demonic ancestry]
  8637 | D:8      | Reached XP level 10. HP: 75/75 MP: 10/10
  9380 | D:10     | Entered Level 10 of the Dungeon
  9388 | D:10     | Reached skill level 5 in Dodging
  9423 | D:10     | Found Plog's Antique Weapon Shoppe.
  9446 | D:10     | Found a runed translucent gate.
  9446 | D:10     | Found a runed translucent gate.
  9447 | D:10     | Found a runed translucent gate.
  9449 | D:10     | Noticed Pooter's ghost (journeyman MiBe)
  9459 | D:10     | Noticed a two-headed ogre
  9473 | D:10     | Killed a two-headed ogre
  9476 | D:10     | Received a gift from Trog
  9480 | D:10     | Found a flagged portal.
  9486 | D:10     | Identified the +1 pair of gloves of Incorporation {Rampage}
  9523 | D:10     | Gained mutation: You are clumsy. (Dex -2) [potion of
                  | mutation]
  9523 | D:10     | Gained mutation: You expend magic power (3 MP) to
                  | strengthen your wands. [potion of mutation]
  9539 | D:10     | Reached XP level 11. HP: 56/83 MP: 11/11
  9616 | Bailey   | Entered a bailey
  9655 | Bailey   | Reached skill level 5 in Polearms
  9762 | Bailey   | Reached skill level 8 in Axes
  9762 | Bailey   | Noticed a two-headed ogre
  9768 | Bailey   | Killed a two-headed ogre
  9887 | D:10     | Noticed a two-headed ogre
  9899 | D:10     | Killed a two-headed ogre
 10018 | D:10     | Found a viscous altar of Jiyva.
 10066 | D:10     | Found a staircase to the Orcish Mines.
 10205 | D:10     | Reached skill level 5 in Evocations
 10396 | D:10     | Received a gift from Trog
 10476 | D:10     | Slain by Pooter's ghost

Illustrated notes

Levels and vault maps discovered:
D:1:      psy_arrival_fountain, layout_loops_cross, serial_shops, shop
D:2:      layout_loops_corners, supply_closet_lemuel
D:3:      layout_basic, gup_sewer_entry_bowl, chequers_serial_rivers_small_3,
          nicolae_half_adder, uniq_ijyb
D:4:      layout_basic, gammafunk_ghost_cemetery, serial_co_window_serial,
          co_window_corner_a, co_window_of_opportunity_a, co_window_corner_a,
          co_window_paths_b, co_window_of_opportunity_a, co_window_corner_a,
          co_window_corner_a, co_window_corner_cb, co_window_of_opportunity_c,
          co_window_broadway_c, glass_columns_c, glass_columns_a,
          glass_columns_a, kennysheep_diamond
D:5:      layout_loops_ring
D:6:      nicolae_BIG_FREAKIN_CUBE, layout_basic, minmay_temple_entry_hall
D:7:      layout_loops_ring, gammafunk_temple_overflow_claw,
          kennysheep_generic_room_15
D:8:      layout_basic, minmay_nine_imps, uniq_psyche, uniq_prince_ribbit1
D:9:      layout_roguey
D:10:     layout_roguey [special_room_orc], erik_orc_2, enter_bailey_3,
          gammafunk_ghost_ooze, serial_shops, shop_statue,
          nicolae_concentric_dashed_squares_wild

Skill      XL: |  1  2  3  4  5  6  7  8  9 10 11 |
---------------+----------------------------------+-----
Dodging        | 2 3 4 5 |  5.8
Axes           | 3 4 5 6 7 8 |  8.0
Armour         | 2 3 4 5 6 7 |  7.3
Unarmed Combat | 1 2 3 4 |  4.8
Stealth        | 1 2 |  2.3
Shapeshifting  | 1 2 3 4 |  4.2
Fighting       | 4 5 6 7 |  7.0
Evocations     | 1 2 3 4 5 |  5.1
Polearms       | 2 4 5 |  5.9
Long Blades    | |  0.8
Throwing       | |  0.8

Action                     |  1- 3 |  4- 6 |  7- 9 | 10-12 || total
---------------------------+-------+-------+-------+-------++-------
  Melee: Hand axe          |   155 |   155 |   223 |       ||   533
         Punch             |     1 |     1 |    15 |     3 ||    20
         Tailslap          |       |    14 |    51 |    43 ||   108
         Trident           |       |       |   136 |   283 ||   419
         War axe           |       |       |    12 |       ||    12
 Invoke: Berserk           |     2 |     6 |     3 |     6 ||    17
         Trog's Hand       |       |       |       |     3 ||     3
  Evoke: Wand              |       |       |       |     2 ||     2
    Use: Scroll            |     6 |     5 |    11 |     7 ||    29
         Potion            |       |     1 |       |     8 ||     9
   Stab: Sleeping          |     8 |     1 |       |     2 ||    11
         Distracted        |       |       |       |     3 ||     3
 Armour: Leather armour    |    90 |    67 |       |       ||   157
         Animal skin       |     4 |       |       |       ||     4
         Plate armour      |       |    41 |   341 |    69 ||   451
         Steam dragon scal |       |       |       |   166 ||   166
         Skin              |       |       |       |    29 ||    29
  Dodge: Dodged            |    96 |   101 |   125 |   269 ||   591
